 Dungeon Crawl Stone Soup version 0.18.1-50-g88ac8fd (webtiles) character file.

30 varam the Caller (level 3, 11/24 HPs)
             Began as a Merfolk Summoner on Oct 22, 2016.
             Quit the game on level 2 of the Dungeon.
             The game lasted 00:03:57 (1525 turns).

varam the Caller (Merfolk Summoner)                 Turns: 1525, Time: 00:03:57

Health: 11/24      AC:  2    Str:  9    XL:     3   Next: 18%
Magic:  6/6        EV: 13    Int: 14    God:
Gold:   56         SH:  0    Dex: 14    Spells: 2 memorised, 4 levels left

rFire  . . .     SeeInvis .     e - +0 dagger
rCold  . . .     Gourm    .     a - +0 robe
rNeg   . . .     Faith    .     (no shield)
rPois  .         Spirit   .     (no helmet)
rElec  .         Dismiss  .     (no cloak)
rCorr  .         Reflect  .     (no gloves)
SustAt .         Harm     .     (no boots)
MR     .....                    (no amulet)
Stlth  ++........               (no ring)
                                (no ring)

@: not resistant to hostile enchantments, unstealthy
A: change form in water, swift swim
a: no special abilities


You were on level 2 of the Dungeon.
You were not hungry.

You visited 1 branch of the dungeon, and saw 2 of its levels.

You collected 56 gold pieces.

Inventory:

Hand Weapons
 e - a +0 dagger (weapon)
Armour
 a - a +0 robe (worn)
Scrolls
 i - 2 scrolls of identify {unknown}
 k - a scroll of fog {unknown}
 l - a scroll of enchant armour {unknown}
Potions
 d - a potion of cancellation {unknown}
 f - 2 potions of agility {unknown}
 h - a potion of lignification {unknown}
 j - a potion of haste {unknown}
 p - a potion of might {unknown}
Books
 b - a book of Callings

   Spells                             Type                      Level
   a - Summon Small Mammal            Summoning                    1
   b - Call Imp                       Summoning                    2
   c - Call Canine Familiar           Summoning                    3
   d - Summon Guardian Golem          Hexes/Summoning              3
   e - Summon Lightning Spire         Summoning/Air                4
   f - Summon Ice Beast               Ice/Summoning                4
Comestibles
 c - 2 bread rations
 g - a slice of pizza
 m - 2 meat rations
 n - 3 chunks of flesh
 o - a royal jelly


   Skills:
 + Level 0.2 Fighting
 + Level 2.8 Dodging
 - Level 2.1 Stealth
 + Level 2.5 Spellcasting
 * Level 4.6 Summonings


You had 4 spell levels left.
You knew the following spells:

 Your Spells              Type           Power        Failure   Level  Hunger
a - Call Imp              Summ           ##......     6%          2    ###....
b - Summon Small Mammal   Summ           ##..         3%          1    #......


Dungeon Overview and Level Annotations

Branches:
Dungeon (2/15)

Altars:


Message History

You hit the goblin but do no damage.
Your crimson imp hits the goblin.
The goblin closely misses you.
You barely miss the goblin.
The goblin is moderately wounded.
Your crimson imp barely misses the goblin.
The goblin hits you but does no damage.
You completely miss the goblin.
The goblin is moderately wounded.
Your crimson imp hits the goblin.
The goblin hits you with a dagger.
You hit the goblin.
You kill the goblin!
Items here: )) †† a dagger; a club; a goblin corpse; a hobgoblin corpse You butcher the goblin corpse.
n - 3 chunks of flesh (gained 2)
Items here: )) ÷ † a dagger; a club; a goblin skeleton; a hobgoblin corpse You start resting.
Magic restored.
Are you sure you want to abandon this character and quit the game? (Confirm with "yes".)

#### ..# ######.#
.#.#....#.########
.......5..........
#.####@#.###########
#.<....#.#....#....#
########.#.##.#.##.##
...................##
##.######.##.#.##...#
....#.#.##.#.#
#.#.....#.##.#.## #
#.....#.##.....
#.....#.####.##


You could see a friendly crimson imp.

Vanquished Creatures
  A giant gecko (D:1)
  A giant cockroach (D:1)
  5 goblins
  3 hobgoblins
  3 kobolds (D:1)
  A bat (D:1)
  2 giant newts (D:1)
  4 rats
20 creatures vanquished.

Vanquished Creatures (collateral kills)
  An adder (D:2)
  A giant cockroach (D:1)
  A goblin (D:1)
  A kobold (D:1)
4 creatures vanquished.

Grand Total: 24 creatures vanquished

Notes
Turn   | Place    | Note
--------------------------------------------------------------
     0 | D:1      | varam the Merfolk Summoner began the quest for the Orb.
     0 | D:1      | Reached XP level 1. HP: 13/13 MP: 3/3
   443 | D:1      | Reached XP level 2. HP: 12/19 MP: 5/5
   458 | D:1      | Learned a level 2 spell: Call Imp
  1283 | D:2      | Reached XP level 3. HP: 21/24 MP: 1/6
  1525 | D:2      | Quit the game

Action                   || total
-------------------------++-------
Melee: Unarmed           ||    13
       Dagger            ||    88
 Cast: Summon Small Mamm ||     4
       Call Imp          ||     5
 Stab: Sleeping          ||     4
  Eat: Chunk             ||     2
Armor: Robe              ||     6
Dodge: Dodged            ||    66
